Map: Frost LE

Players

LiquidSnute (Snute) - Winner!

  • Race: Zerg Zerg
  • League: Grandmaster

pOq (Nina)

  • Race: Protoss Protoss
  • League: Master

VOD

https://youtu.be/Z2ddqFIkZUg?list=PL7UDWN70TnDRKosKeSIaouM8TvQPF44Gr

Description

Time

  • Played on: Aug. 26, 2016, 1:05 p.m.
  • Length: 14:16
Show
View Real Time Build Order
Export as new Build Order

LiquidSnute Zerg - Winner!

Build Orders: Hatch First 

Get SALT Encoding   

  12  0:00  Drone  
  13  0:12  Overlord  
  13  0:17  Drone  
  14  0:30  Drone x2  
  14  0:34  Drone  
  17  0:53  Drone  
  17  0:56  Drone  
  19  1:02  Hatchery  
  18  1:07  Extractor  
  17  1:14  Spawning Pool  
  17  1:17  Drone  
  17  1:21  Drone  
  18  1:28  Drone  
  19  1:38  Overlord  
  19  1:49  Drone  
  20  2:00  Drone, Queen  
  23  2:10  Metabolic Boost  
  23  2:11  Drone  
  23  2:14  Drone, Queen  
  27  2:21  Drone  
  28  2:25  Zergling x2  
  29  2:32  Zergling x2  
  29  2:35  Drone  
  31  2:39  Hatchery  
  30  2:46  Zergling x2  
  30  2:47  Drone  
  32  2:53  Overlord  
  32  3:07  Drone x2  
  32  3:10  Overlord  
  32  3:11  Drone x3  
  37  3:19  Zergling x4  
  39  3:20  Queen  
  39  3:22  Drone x2  
  39  3:23  Drone  
  44  3:30  Drone x2  
  44  3:33  Roach Warren  
  45  3:36  Spore Crawler  
  45  3:39  Spore Crawler  
  44  3:41  Drone  
  44  3:44  Drone x2  
  44  3:46  Drone  
  47  3:49  Drone  
  47  3:50  Extractor  
  47  3:52  Overlord  
  47  3:56  Drone  
  47  3:57  Drone  
  48  4:04  Overlord  
  48  4:06  Spore Crawler  
  48  4:08  Overlord  
  47  4:13  Roach x2  
  47  4:14  Roach  
  53  4:18  Roach  
  53  4:20  Roach  
  53  4:22  Zergling x2  
  58  4:25  Zergling x4  
  58  4:28  Zergling x2  
  61  4:32  Zergling x4  
  61  4:36  Drone x3  
  61  4:37  Drone  
  67  4:39  Drone  
  67  4:44  Drone  
  69  4:48  Roach x2  
  69  4:50  Zergling x4  
  69  4:52  Overlord  
  75  4:57  Drone  
  75  4:58  Drone  
  77  5:02  Drone x3  
  77  5:03  Drone  
  81  5:09  Overlord  
  81  5:14  Drone  
  81  5:15  Drone x4  
  81  5:18  Drone x4  
  90  5:23  Overlord  
  90  5:29  Drone x5  
  90  5:34  Lair, Extractor  
  94  5:37  Evolution Chamber  
  94  5:38  Drone x3  
  97  5:42  Drone, Queen  
  97  5:47  Drone x4  
  97  5:49  Extractor  
  102  5:52  Baneling Nest  
  98  6:00  Drone x4  
  95  6:04  Drone  
  95  6:05  Drone  
  95  6:07  Drone x2  
  99  6:12  Zerg Melee Weapons Level 1, Extractor  
  99  6:13  Drone x2  
  100  6:21  Zergling x2  
  100  6:22  Hatchery, Zergling x4  
  100  6:25  Hatchery  
  101  6:27  Ravager x4  
  101  6:28  Ravager  
  101  6:30  Overlord  
  101  6:31  Overlord x2  
  106  6:36  Centrifical Hooks  
  106  6:39  Overlord  
  106  6:40  Overlord  
  106  6:48  Overlord  
  106  6:50  Zergling x12  
  106  6:53  Queen x2  
  116  6:55  Zergling x4  
  116  6:56  Zergling x2  
  116  6:57  Ravager  
  120  7:09  Zergling x6  
  120  7:11  Zergling x6  
  120  7:15  Zergling x10  
  131  7:18  Overlord  
  131  7:22  Zergling x2  
  132  7:28  Zergling x10  
  137  7:33  Baneling x19  
  137  7:34  Baneling x3, Zergling x2  
  137  7:35  Zergling x2  
  135  7:38  Zergling x4  
  135  7:43  Roach x5  
  143  7:45  Baneling x6  
  143  7:46  Zergling x4  
  143  7:47  Zergling x2  
  144  8:06  Zergling x12  
  144  8:07  Zergling x6  
  144  8:11  Spine Crawler  
  144  8:12  Zerg Melee Weapons Level 2  
  152  8:16  Spore Crawler  
  152  8:19  Spine Crawler  
  150  8:20  Baneling x11  
  150  8:24  Zergling x20  
  154  8:35  Hatchery  
  154  8:38  Zergling x2  
  154  8:39  Zergling x24  
  123  8:51  Zergling x6  
  123  8:52  Zergling x6  
  123  8:53  Baneling x7  
  127  8:57  Zergling x2  
  127  8:58  Zergling x16  
  136  9:05  Drone  
  136  9:06  Drone x4  
  141  9:10  Ravager x3  
  141  9:12  Ravager  
  141  9:13  Drone  
  141  9:14  Drone x3  
  141  9:15  Drone  
  150  9:20  Zergling x2  
  150  9:21  Zergling x6  
  154  9:30  Zergling x10  
  155  9:33  Ravager  
  155  9:34  Baneling x4  
  155  9:36  Zergling x10  
  161  9:48  Zergling x18  
  169  10:00  Zergling x20  
  177  10:17  Zergling x8  
  179  10:28  Overlord x2  
  179  10:29  Spine Crawler  
  179  10:30  Spine Crawler, Baneling  
  179  10:31  Baneling x17  
  176  10:39  Baneling x2  
  176  10:40  Baneling  
  136  11:05  Zergling x22  
  136  11:06  Zergling x28  
  152  11:18  Zergling x18  
  146  11:19  Zergling x14  
  146  11:25  Baneling x15  
  161  11:27  Zergling x6  
  161  11:32  Zergling x6  
  167  11:33  Queen  
  146  11:51  Zergling x2  
  146  11:52  Zergling x32  
  140  12:12  Zergling x16  
  140  12:13  Zergling x8  
  143  12:28  Zergling x14  
  143  12:29  Zergling x12  
  128  12:38  Zergling x6  
  128  12:39  Zergling x6  
  133  12:48  Zergling x8  
  133  12:49  Zergling x8  
  140  12:55  Zergling x4  
  140  12:57  Baneling x11  
  140  12:58  Baneling x14  
  142  13:04  Zergling x2  
  142  13:05  Zergling x8  
Show
View Real Time Build Order
Export as new Build Order

pOq Protoss 

Build Orders: 1 Gate Expand 

Get SALT Encoding   

  12  0:01  Probe (Chrono Boost)  
  13  0:11  Probe (Chrono Boost)  
  14  0:19  Pylon  
  14  0:22  Probe (Chrono Boost)  
  15  0:37  Probe (Chrono Boost)  
  15  0:38  Gateway  
  16  0:48  Assimilator, Probe (Chrono Boost)  
  17  0:58  Probe (Chrono Boost)  
  18  1:09  Probe (Chrono Boost)  
  19  1:19  Probe (Chrono Boost)  
  20  1:26  Nexus  
  20  1:36  Cybernetics Core  
  20  1:38  Probe (Chrono Boost)  
  21  1:47  Assimilator  
  21  1:49  Probe (Chrono Boost)  
  22  1:55  Pylon  
  22  2:00  Probe (Chrono Boost)  
  23  2:06  Warp Gate  
  23  2:09  Adept  
  23  2:14  Probe (Chrono Boost)  
  26  2:27  Probe (Chrono Boost), Twilight Council  
  27  2:33  Stalker  
  27  2:39  Probe x2 (Chrono Boost)  
  31  2:49  Probe (Chrono Boost)  
  31  2:51  Probe (Chrono Boost)  
  33  2:55  Gateway  
  33  3:00  Probe (Chrono Boost)  
  33  3:01  Resonating Glaives  
  34  3:07  Probe (Chrono Boost)  
  34  3:08  Adept  
  34  3:12  Gateway  
  37  3:19  Probe (Chrono Boost)  
  38  3:21  Pylon  
  38  3:24  Probe (Chrono Boost)  
  39  3:33  Mothership Core (Chrono Boost)  
  41  3:36  Probe (Chrono Boost)  
  41  3:40  Pylon  
  43  3:48  Probe (Chrono Boost)  
  43  3:53  Probe (Chrono Boost)  
  44  3:55  Pylon  
  44  4:00  Probe (Chrono Boost)  
  44  4:06  Probe (Chrono Boost)  
  44  4:09  Pylon  
  45  4:12  Adept x3  
  45  4:13  Probe (Chrono Boost)  
  45  4:16  Probe (Chrono Boost)  
  53  4:19  Nexus  
  53  4:23  Pylon  
  53  4:32  Adept  
  53  4:33  Adept x2  
  59  4:42  Robotics Facility, Probe (Chrono Boost)  
  61  4:46  Probe (Chrono Boost)  
  61  4:52  Gateway  
  61  4:56  Probe (Chrono Boost)  
  62  5:00  Gateway  
  62  5:02  Adept x2  
  62  5:03  Adept  
  68  5:12  Probe (Chrono Boost)  
  68  5:13  Probe (Chrono Boost)  
  68  5:24  Probe (Chrono Boost)  
  68  5:25  Gateway  
  68  5:27  Adept x3, Gateway  
  75  5:33  Pylon  
  75  5:34  Immortal  
  79  5:46  Probe (Chrono Boost)  
  79  5:48  Probe (Chrono Boost)  
  79  5:49  Assimilator  
  81  5:50  Assimilator  
  81  6:04  Adept x4  
  75  6:07  Probe (Chrono Boost)  
  75  6:08  Probe (Chrono Boost)  
  75  6:11  Probe (Chrono Boost), Immortal  
  83  6:19  Probe (Chrono Boost)  
  83  6:20  Probe (Chrono Boost)  
  83  6:22  Sentry, Probe (Chrono Boost)  
  83  6:25  Sentry x2  
  91  6:27  Sentry  
  91  6:32  Probe x2 (Chrono Boost)  
  96  6:33  Probe (Chrono Boost)  
  96  6:35  Blink  
  96  6:36  Sentry  
  96  6:37  Pylon  
  98  6:41  Pylon  
  98  6:44  Probe (Chrono Boost)  
  98  6:45  Probe (Chrono Boost)  
  98  6:46  Pylon  
  100  6:48  Pylon  
  100  6:53  Warp Prism  
  100  6:54  Pylon  
  100  6:55  Probe (Chrono Boost)  
  100  6:56  Probe (Chrono Boost)  
  100  6:58  Probe (Chrono Boost)  
  105  7:02  Adept  
  105  7:04  Adept  
  105  7:05  Sentry  
  113  7:10  Adept  
  113  7:12  Adept  
  113  7:13  Adept  
  117  7:16  Assimilator  
  117  7:18  Adept  
  117  7:22  Assimilator  
  119  7:23  Adept  
  119  7:24  Adept  
  123  7:30  Adept  
  125  7:41  Adept  
  125  7:42  Adept x3  
  133  7:54  Probe (Chrono Boost), Templar Archives  
  134  8:04  Sentry  
  136  8:07  Probe x2 (Chrono Boost)  
  136  8:10  Forge  
  138  8:15  Pylon  
  138  8:16  Pylon  
  138  8:18  Adept  
  140  8:22  Observer  
  140  8:23  Pylon  
  140  8:24  Pylon  
  140  8:26  Pylon  
  138  8:35  Adept x2  
  138  8:36  Adept x3  
  129  8:48  Adept x2  
  132  8:56  Probe (Chrono Boost)  
  132  9:00  Sentry x4  
  140  9:09  Probe (Chrono Boost)  
  139  9:10  Adept x3  
  139  9:13  Photon Cannon  
  139  9:14  Protoss Shields Level 1  
  139  9:16  Photon Cannon  
  146  9:20  Photon Cannon  
  145  9:24  Sentry x2  
  145  9:25  Sentry  
  145  9:26  Nexus  
  145  9:30  Adept x4  
  159  9:38  Psionic Storm  
  159  9:43  Photon Cannon  
  159  9:44  Photon Cannon  
  159  9:46  Photon Cannon  
  159  9:49  Pylon  
  159  9:51  Pylon  
  159  9:53  Pylon  
  159  10:00  High Templar x2  
  159  10:04  Archon  
  159  10:06  Pylon  
  162  10:07  Pylon  
  162  10:08  Adept  
  162  10:09  Adept x3  
  166  10:20  High Templar  
  164  10:29  High Templar  
  166  10:39  High Templar  
  166  10:42  Adept x4  
  158  10:56  Adept  
  139  11:06  Adept  
  139  11:07  Adept x3  
  141  11:21  Pylon  
  141  11:22  Protoss Shields Level 2  
  141  11:23  Pylon  
  141  11:25  Pylon  
  141  11:26  Pylon  
  141  11:27  Pylon  
  141  11:28  Pylon  
  141  11:30  Pylon  
  141  11:31  Pylon  
  141  11:32  Pylon  
  141  11:46  Archon  
  121  11:51  Probe (Chrono Boost)  
  121  11:52  Adept x6  
  121  11:53  Adept  
  99  11:55  Probe (Chrono Boost)  
  99  12:01  Assimilator  
  81  12:22  Adept x3  
  75  12:23  Adept x2  
  75  12:31  Probe (Chrono Boost)  
  75  12:32  Probe x2 (Chrono Boost)  
  75  12:34  Nexus  
  69  12:39  High Templar x2  
  67  12:45  Immortal  
  67  12:48  High Templar x2  
  67  12:51  Adept  
  77  12:56  Adept x2  
  77  13:09  Archon  
Tags
 
Add a new tag
Caveats
  • Supply blocks, unpowered buildings, or Contaminate may cause inaccurate times.
  • Supply counts are checked every 10 seconds.